 Dungeon Crawl Stone Soup version 0.29.1-12-g30fa7ad0bf (webtiles) character file.

Game seed: 9872243718948145465

686 sillycutie the Cleaver (level 7, -4/58 HPs)
             Began as a Minotaur Berserker on Jan 11, 2023.
             Was a Believer of Trog.
             Slain by a black bear (5 damage)
             ... on level 5 of the Dungeon.
             The game lasted 00:20:32 (3970 turns).

sillycutie the Cleaver (Minotaur Berserker)         Turns: 3970, Time: 00:20:33

Health: -4/58      AC:  6    Str: 29    XL:     7   Next: 35%
Magic:  6/6        EV: 11    Int:  4    God:    Trog [**....]
Gold:   226        SH:  0    Dex: 10    Spells: 6/6 levels left

rFire   . . .      SeeInvis +   a - +0 hand axe
rCold   . . .      Faith    .   (no shield)
rNeg    . . .      Spirit   .   w - +0 scale mail
rPois   .          Reflect  .   (helmet restricted)
rElec   .          Harm     .   (no cloak)
rCorr   .          Rampage  .   (no gloves)
Will    .....                   (no boots)
Stlth   ..........              (no amulet)
HPRegen 0.19/turn               c - +6 ring of strength
MPRegen 0.10/turn               j - ring of see invisible

@: on berserk cooldown, slowed, very slow
A: horns 2, retaliatory headbutt
a: Renounce Religion, Berserk, Trog's Hand


You were on level 5 of the Dungeon.
You worshipped Trog.
Trog was pleased with you.
You visited 1 branch of the dungeon, and saw 5 of its levels.

You collected 226 gold pieces.

Inventory:

Hand Weapons
 a - a +0 hand axe (weapon)
Missiles
 h - 3 throwing nets (quivered)
Armour
 l - a +0 ring mail
 u - a +0 cloak
 w - a +0 scale mail (worn)
Jewellery
 c - a +6 ring of strength (left hand)
 j - a ring of see invisible (right hand)
 x - a +6 ring of strength
Scrolls
 g - a scroll of noise {unknown}
 i - a scroll of fog {unknown}
 k - a scroll of vulnerability {unknown}
 p - 2 scrolls of enchant weapon {unknown}
 q - a scroll of summoning {unknown}
 r - a scroll of amnesia
Potions
 d - 2 potions of mutation
 e - a potion of ambrosia
 f - 2 potions of attraction
 n - a potion of lignification {unknown}
 o - a potion of magic {unknown}
 s - 2 potions of curing {unknown}
 t - a potion of berserk rage
 v - a potion of resistance {unknown}


   Skills:
 - Level 3.8 Fighting
 + Level 10.1 Axes
 - Level 2.6 Armour
 - Level 2.4 Dodging


You had 6 spell levels left.
You didn't know any spells.
Your spell library was empty.

Dungeon Overview and Level Annotations

Branches:
Dungeon (5/15)             Temple (0/1) D:4

Altars:
Cheibriados
Dithmenos
Makhleb
Nemelex Xobeh
Yredelemnul

Annotations:
D:5 Blork the orc


Innate Abilities, Weirdness & Mutations

You have a pair of horns on your head.
You reflexively headbutt those who attack you in melee.


Message History

* * * LOW HITPOINT WARNING * * *
The orc wizard misses you.
You feel much better.
The orc wizard hits you with a +0 dagger.
The necrophage hits you.
* * * LOW HITPOINT WARNING * * *
The black bear bites you.
* * * LOW HITPOINT WARNING * * *
The black bear claws you but does no damage.
The black bear claws you.
* * * LOW HITPOINT WARNING * * *
The white imp closely misses you.
The iguana bites you but does no damage.
The orc misses you.
You slash the orc wizard!
The orc wizard is almost dead.
You hit the necrophage. You hit the orc.
You hit the white imp but do no damage. You hit the iguana.
You hit the black bear.
The orc wizard hits you but does no damage.
The black bear barely misses you. You furiously retaliate!
You headbutt the black bear. The black bear claws you.
* * * LOW HITPOINT WARNING * * *
The black bear claws you but does no damage.
The white imp misses you. The iguana bites you.
* * * LOW HITPOINT WARNING * * *
The necrophage barely misses you. You furiously retaliate!
You headbutt the necrophage. The orc hits you but does no damage.
The black bear attacks as you move away!
The black bear completely misses you. You furiously retaliate!
You headbutt the black bear, but do no damage.
The black bear claws you but does no damage.
The black bear barely misses you.
The orc wizard hits you but does no damage.
The necrophage hits you.
* * * LOW HITPOINT WARNING * * *
The iguana barely misses you. x2
The necrophage hits you but does no damage.
The black bear bites you.
You die...

#........###....#.....#.
##........ #...#.....##
.......... ...# .......
.........#...# . <....
.........# .#
.........##.#
.......)o...#.#.
.##...ohl......
.......n@5....#.
#.........###...
#........## . #........#
..?....... ...#......
#..#....... ........


You could see a black bear, a necrophage, an iguana, an orc wizard, a white imp
and an orc.

Vanquished Creatures
  A water moccasin (D:5)
  A black bear (D:5)
  A gnoll sergeant (D:5)
  A scorpion (D:5)
  2 hounds
  Crazy Yiuf (D:3)
  Terence (D:2)
  An iguana (D:5)
  An orc wizard (D:3)
  8 gnolls
  6 adders
  An ufetubus (D:5)
  A worm (D:3)
  A dart slug (D:5)
  13 orcs
  5 endoplasms
  2 giant cockroaches
  5 goblins
  5 jackals
  2 quokkas
  A ball python (D:1)
  4 bats
  5 kobolds
  5 rats
74 creatures vanquished.

Notes
Turn   | Place    | Note
-------+----------+-------------------------------------------
     0 | D:1      | sillycutie the Minotaur Berserker began the quest for the
                  | Orb.
     0 | D:1      | Reached XP level 1. HP: 19/19 MP: 0/0
   179 | D:1      | Noticed a great orb of eyes
   185 | D:1      | Found a faded altar of an unknown god.
   198 | D:1      | Noticed a great orb of eyes
   202 | D:1      | Noticed a golden eye
   202 | D:1      | Noticed a golden eye
   572 | D:2      | Reached XP level 2. HP: 27/27 MP: 1/1
   673 | D:2      | Reached skill level 4 in Axes
   968 | D:2      | Reached XP level 3. HP: 31/33 MP: 2/2
  1018 | D:2      | Noticed Terence
  1024 | D:2      | Killed Terence
  1025 | D:2      | Reached skill level 5 in Axes
  1096 | D:2      | Reached ** piety under Trog
  1097 | D:2      | Reached XP level 4. HP: 40/40 MP: 3/3
  1522 | D:3      | Reached skill level 6 in Axes
  1617 | D:3      | Found a shadowy altar of Dithmenos.
  1757 | D:3      | Reached XP level 5. HP: 46/46 MP: 4/4
  1868 | D:3      | Found a runed translucent door.
  1869 | D:3      | Noticed Crazy Yiuf
  1879 | D:3      | Killed Crazy Yiuf
  2214 | D:4      | Reached skill level 7 in Axes
  2609 | D:4      | Found a sparkling altar of Nemelex Xobeh.
  2692 | D:4      | Found a staircase to the Ecumenical Temple.
  2931 | D:4      | Found a snail-covered altar of Cheibriados.
  2956 | D:5      | Entered Level 5 of the Dungeon
  2967 | D:5      | Reached skill level 8 in Axes
  2967 | D:5      | Reached XP level 6. HP: 48/52 MP: 5/5
  2997 | D:5      | Noticed a water moccasin
  3008 | D:5      | Killed a water moccasin
  3355 | D:5      | Found a basalt altar of Yredelemnul.
  3478 | D:5      | Reached skill level 9 in Axes
  3695 | D:5      | Reached XP level 7. HP: 41/58 MP: 6/6
  3928 | D:5      | Found a burning altar of Makhleb.
  3951 | D:5      | Noticed Blork the orc
  3956 | D:5      | Reached skill level 10 in Axes
  3970 | D:5      | HP: 1/58 [necrophage (2)]
  3970 | D:5      | Slain by a black bear

Illustrated notes

Levels and vault maps discovered:
D:1:      dpeg_arrival_concentric_ovals, layout_basic,
          hellmonk_ecumenical_altar_watching_god
D:2:      layout_basic, uniq_terence
D:3:      layout_rooms, nicolae_overflow_hidden_temple, uniq_crazy_yiuf_cottage
D:4:      kennysheep_big_flooded_room, layout_rooms,
          mainiacjoe_overflow_tiny_flanked, lemuel_coloured_pillars_altar,
          minmay_temple_entry_glassed_door
D:5:      layout_cave_pools, old_standard_altar, kennysheep_mini, sword_in_stone

Skill      XL: |  1  2  3  4  5  6  7 |
---------------+----------------------+-----
Axes           | 4 5 6 8 9 10 | 10.1
Fighting       | |  3.8
Armour         | |  2.6
Dodging        | |  2.4

Action                   |  1- 3 |  4- 6 |  7- 9 || total
-------------------------+-------+-------+-------++-------
Melee: Hand axe          |    51 |   112 |    20 ||   183
       Headbutt          |     6 |    19 |     4 ||    29
       Punch             |     1 |       |       ||     1
Invok: Berserk           |     2 |     4 |     1 ||     7
       Trog's Hand       |       |     4 |     1 ||     5
  Use: Scroll            |       |     6 |     1 ||     7
       Potion            |       |       |     2 ||     2
Armor: Animal skin       |     9 |       |       ||     9
       Ring mail         |     6 |    12 |       ||    18
       Scale mail        |       |    14 |    12 ||    26
Dodge: Dodged            |    16 |    58 |    33 ||   107
